 Dungeon Crawl Stone Soup version 0.23-a0-650-ga4d50d4d25 (webtiles) character file.

17 Adamkad1 the Skirmisher (level 2, -3/24 HPs)
             Began as a Formicid Abyssal Knight on Jan 4, 2019.
             Was a Follower of Lugonu.
             Slain by a gnoll
             ... wielding a +0 flail
              (6 damage)
             ... on level 1 of the Dungeon.
             The game lasted 00:00:42 (360 turns).

Adamkad1 the Skirmisher (Formicid Abyssal Knight)    Turns: 360, Time: 00:00:43

Health: -3/24      AC:  5    Str: 16    XL:     2   Next: 80%
Magic:  3/3        EV: 10    Int: 11    God:    Lugonu [*.....]
Gold:   24         SH:  0    Dex: 10    Spells: 1/1 levels left

rFire    . . .     SeeInvis +   a - +1 hand axe
rCold    . . .     Gourm    .   (no shield)
rNeg     . . .     Faith    .   j - +0 ring mail
rPois    .         Spirit   .   (helmet unavailable)
rElec    .         Reflect  .   (no cloak)
rCorr    .         Harm     .   (no gloves)
MR       .....                  (no boots)
Stlth    ..........             (no amulet)
HPRegen  0.08/turn              (no ring)
MPRegen  0.08/turn              (no ring)

@: no status effects
A: permanent stasis, dig shafts and tunnels, four strong arms, antennae 3
a: Dig, Shaft Self, Depart the Abyss, Renounce Religion


You were on level 1 of the Dungeon.
You worshipped Lugonu.
Lugonu was aware of your devotion.
You were not hungry.

You visited 1 branch of the dungeon, and saw 1 of its levels.
You visited the Abyss 1 time.

You collected 24 gold pieces.

Inventory:

Hand Weapons
 a - a +1 hand axe (weapon)
Armour
 b - a +0 leather armour
 j - a +0 ring mail (worn)
Jewellery
 d - a cursed -2 ring of evasion {unknown}
Scrolls
 f - a scroll of amnesia {unknown}
 h - a scroll of enchant armour {unknown}
 i - a scroll of fog {unknown}
Potions
 e - a potion of might {unknown}
 k - a potion of agility {unknown}
 l - a potion of invisibility {unknown}
Comestibles
 c - 2 rations
 g - 17 chunks of flesh


   Skills:
 * Level 3.5 Fighting
 + Level 2.1 Axes
 * Level 2.5 Armour
 + Level 1.1 Dodging
 * Level 2.6 Invocations


You had one spell level left.
You didn't know any spells.
Your spell library was empty.

Dungeon Overview and Level Annotations

Branches:
Dungeon (1/15)

Altars:


Innate Abilities, Weirdness & Mutations

You cannot be hasted, slowed, berserked, paralysed or teleported.
You can dig through walls and to a lower floor.
Your four strong arms can wield two-handed weapons with a shield.
You have a pair of large antennae on your head. (SInv)


Message History

The gnoll is heavily wounded.
You barely miss the bat. The bat closely misses you.
The gnoll hits you with a +0 flail.
Unknown command.
You slash the goblin!
You kill the goblin!
Lugonu accepts your kill.
You barely miss the gnoll. The bat closely misses you.
The gnoll closely misses you.
Unknown command.
You hit the gnoll.
The gnoll is severely wounded.
You hit the bat. The bat barely misses you. The gnoll hits you with a +0 flail!
* * * LOW HITPOINT WARNING * * *
Unknown command.
You closely miss the gnoll.
The gnoll is severely wounded.
You barely miss the bat. The bat hits you but does no damage.
The gnoll hits you with a +0 flail.
You die...

#.........##
.........รทรท#
....#.###.#
.##.#.###.####
#..........##
##########..........#
##.....##............#
##.......#.#..........#
>.....g@................
.......)................
#..........###########..
#.......b.## #.
#.........# .
##......... ............
#.........###


You could see a gnoll and a bat.

Vanquished Creatures
  A dart slug (D:1)
  2 goblins (D:1)
  3 hobgoblins (D:1)
  A ball python (D:1)
  2 bats (D:1)
  2 frilled lizards (D:1)
  2 kobolds (D:1)
  3 rats (D:1)
16 creatures vanquished.

Notes
Turn   | Place    | Note
-------+----------+-------------------------------------------
     0 | Abyss:1  | Adamkad1 the Formicid Abyssal Knight began the quest for
                  | the Orb.
     0 | Abyss:1  | Reached XP level 1. HP: 18/18 MP: 2/2
    31 | D:1      | Escaped the Abyss
   219 | D:1      | Reached skill level 1 in Dodging
   219 | D:1      | Reached XP level 2. HP: 20/24 MP: 3/3
   360 | D:1      | Slain by a gnoll

Vault maps used:
D:1:      eino_arrival_cavern_b, minmay_misc_feat_plants, minmay_misc_feat_chi,
          minmay_tromino_mix6

Skill      XL: |  1 |
---------------+----+-----
Dodging        | 1 |  1.1
Fighting       | |  3.5
Axes           | |  2.1
Armour         | |  2.5
Invocations    | |  2.6

Action                   || total
-------------------------++-------
Melee: Hand axe          ||    39
Armor: Leather armour    ||     6
       Ring mail         ||     5
Dodge: Dodged            ||    27

Table legend:
 A = Non-vault XP
 B = Vault XP
 C = Vault XP percentage of total XP
 D = Non-vault monster count
 E = Vault monster count
 F = Vault count percentage of total count
                 A         B        C        D         E       F
            +---------+---------+-------+---------+---------+-------
      Total |      18 |       7 |  28.0 |      12 |       4 |  25.0
            +---------+---------+-------+---------+---------+-------
        D:1 |      18 |       7 |  28.0 |      12 |       4 |  25.0
            +---------+---------+-------+---------+---------+-------
